AoeStats
← eloycorsob

Oasis

508844171Analyzed
4v4 RM · 9d ago on Sep 24, 2026· 47m 12s· 8 players
Game mode
Random Map
Map size
Large (8 player)
Population
200
Speed
Normal
Resources
Standard
Victory
Conquest
Starting age
Dark Age
Ending age
Imperial Age
RankedLock teamsTeams togetherTeam positionsShared explorationLock speedFull tech treeHidden civsTurbo modeCheats
Victory
Defeat
🇦🇷 Vietnamese · Argentina
580
+9
🇪🇸 Turks · Spain
533
+11
🇵🇹 Japanese · Portugal
450
+14
🇦🇺 Saxons · Australia
407
+16
🇨🇳 Khmer · China
464
-14
🇨🇳 Teutons · China
452
-14
🇨🇳 Wei · China
382
-11
🇨🇳 Chinese · China
373
-11
梁山
10:25 Feudal Age
11:12 Double-Bit Axe
11:10 Horse Collar
19:22 Castle Age
17:23 Gold Mining
17:24 Stone Mining
19:31 Wheelbarrow
18:42 Loom
20:37 Heavy Plow
21:27 Bow Saw
30:10 Imperial Age
32:34 Hand Cart
32:26 Stone Mining
33:48 Gold Shaft Mining
33:30 Caravan
35:55 Elite Ballista Elephant
36:36 Tusk Swords
36:36 Double Crossbow
38:29 Forging
38:20 Scale Mail Armor
38:25 Scale Barding Armor
38:11 Fletching
38:21 Padded Archer Armor
40:20 Chain Mail Armor
40:28 Ballistics
42:11 Chemistry
43:26 Iron Casting
43:12 Chain Barding Armor
43:08 Leather Archer Armor
Elite Savage
默认
0:32 Loom
17:23 Feudal Age
17:50 Double-Bit Axe
17:53 Horse Collar
19:24 Wheelbarrow
20:09 Gold Mining
28:47 Castle Age
29:40 Heavy Plow
29:56 Bow Saw
30:13 Hand Cart
31:36 Caravan
38:41 Husbandry
38:56 Scale Barding Armor
39:32 Great Wall
42:12 Imperial Age
41:12 Elite Skirmisher
46:59 Cavalier
掰开腿饮水
1:06 Loom
ӄǟʋǟ
13:11 Feudal Age
22:13 Castle Age
20:59 Gold Mining
21:00 Stone Mining
20:53 Horse Collar
21:02 Double-Bit Axe
24:01 Gold Shaft Mining
23:31 Heavy Plow
25:22 Bow Saw
33:52 Imperial Age
38:33 Two-Man Saw
38:50 Ballistics
39:30 Chemistry
38:44 Scale Barding Armor
38:39 Padded Archer Armor
38:34 Fletching
38:58 Forging
38:48 Scale Mail Armor
39:12 Caravan
39:42 Coinage
39:17 Loom
40:07 Wheelbarrow
39:18 Town Watch
40:10 Chain Barding Armor
40:11 Elite Samurai
42:08 Hand Cart
41:54 Town Patrol
47:17 Leather Archer Armor
47:17 Chain Mail Armor
46:58 Bodkin Arrow
47:38 Iron Casting
eloycorsob
1:12 Loom
13:07 Feudal Age
17:28 Wheelbarrow
16:38 Horse Collar
17:08 Stone Mining
17:08 Gold Mining
17:20 Double-Bit Axe
21:25 Town Watch
24:48 Castle Age
24:54 Padded Archer Armor
25:52 Thumb Ring
26:33 Bow Saw
28:34 Sipahi
28:43 Sipahi
30:50 Gold Shaft Mining
33:35 Fletching
33:57 Heavy Plow
36:12 Leather Archer Armor
35:54 Bodkin Arrow
39:34 Imperial Age
40:46 Ballistics
40:23 Murder Holes
40:39 Fortified Wall
40:20 Guard Tower
40:13 Treadmill Crane
42:17 Parthian Tactics
47:22 Keep
46:39 Heated Shot
47:29 Ring Archer Armor
47:00 Bracer
47:11 Forging
47:07 Scale Barding Armor
47:03 Scale Mail Armor
Snobyman
0:49 Loom
13:06 Feudal Age
14:32 Wheelbarrow
13:43 Horse Collar
13:57 Double-Bit Axe
18:12 Gold Mining
24:18 Castle Age
23:49 Stone Mining
25:51 Hand Cart
26:01 Bow Saw
33:39 Ballistics
33:10 Heated Shot
33:00 Treadmill Crane
33:31 Masonry
33:21 Murder Holes
33:41 Forging
33:32 Scale Mail Armor
33:23 Fletching
37:41 Imperial Age
36:19 Gold Shaft Mining
37:19 Iron Casting
37:00 Chain Mail Armor
37:21 Town Watch
38:07 Elite Hearth Troop
38:08 Clerical Recruitment
39:13 Heavy Plow
41:02 Chemistry
42:31 Town Patrol
43:12 Caravan
43:43 Coinage
44:09 Architecture
43:48 Scale Barding Armor
43:44 Padded Archer Armor
Sir Pepe84
0:31 Loom
12:15 Feudal Age
13:32 Wheelbarrow
12:46 Double-Bit Axe
12:53 Stone Mining
14:53 Horse Collar
19:53 Town Watch
22:13 Fletching
25:59 Castle Age
25:10 Forging
25:00 Scale Mail Armor
25:01 Padded Archer Armor
25:03 Arson
24:38 Man-at-Arms
25:43 Man-at-Arms
26:52 Scale Barding Armor
27:14 Bow Saw
27:20 Heavy Plow
28:37 Gold Mining
29:25 Stone Shaft Mining
29:14 Hand Cart
28:49 Pikeman
29:30 Squires
28:52 Elite Skirmisher
29:16 Long Swordsman
31:18 Light Cavalry
32:09 Bloodlines
32:00 Husbandry
37:07 Chatras
37:26 Thumb Ring
41:00 Bodkin Arrow
43:47 Chain Mail Armor
44:33 Iron Casting
Connection lost

Rejoining the realm…

Still unreachable

The connection could not be restored.

Session expired

The server has moved on; the page needs a fresh start.